Map: Acropolis LE

Players

XionS

  • Race: Protoss Protoss
  • League: Grandmaster
  • Spawn Location: 5:00

ButAlwayssss - Winner!

  • Race: Protoss Protoss
  • League: Master
  • Spawn Location: 11:00

Event: NationWars 2019

VOD

Have the link to the VOD?

Description

Time

  • Played on: Oct. 6, 2019, 11:22 a.m.
  • Length: 6:24
Show
View Real Time Build Order
Export as new Build Order

XionS Protoss 

Build Orders:  

Get SALT Encoding   

  12  0:00  Probe  
  13  0:13  Probe  
  14  0:18  Pylon  
  14  0:25  Probe (Chrono Boost)  
  15  0:37  Probe (Chrono Boost), Gateway  
  16  0:45  Probe (Chrono Boost)  
  16  0:47  Assimilator  
  17  0:51  Probe  
  17  0:56  Assimilator  
  18  1:03  Probe  
  19  1:11  Gateway  
  19  1:15  Probe  
  20  1:24  Cybernetics Core  
  20  1:27  Probe  
  21  1:39  Pylon, Probe  
  22  1:51  Probe  
  23  1:58  Warp Gate (Chrono Boost)  
  23  1:59  Sentry (Chrono Boost)  
  25  2:07  Probe  
  28  2:08  Stalker (Chrono Boost)  
  28  2:11  Pylon  
  28  2:18  Stalker  
  30  2:33  Robotics Facility  
  29  2:40  Pylon  
  29  2:44  Stalker  
  32  2:58  Probe  
  32  3:02  Stalker  
  34  3:11  Pylon  
  34  3:21  Observer (Chrono Boost)  
  35  3:29  Pylon  
  35  3:33  Shield Battery  
  35  3:39  Immortal (Chrono Boost)  
  35  3:45  Pylon  
  39  3:53  Pylon  
  39  4:10  Stalker  
  39  4:11  Warp Prism (Chrono Boost)  
  39  4:12  Sentry  
  45  4:19  Shield Battery  
  45  4:40  Zealot x2  
  53  4:55  Pylon  
  53  5:01  Sentry  
  53  5:16  Stalker  
  51  5:26  Stalker  
  46  5:40  Shield Battery  
  35  5:43  Probe  
  35  5:48  Zealot  
  32  5:54  Zealot  
  32  5:55  Probe  
  24  6:06  Stalker  
  24  6:07  Probe  
Show
View Real Time Build Order
Export as new Build Order

ButAlwayssss Protoss - Winner!

Build Orders:  

Get SALT Encoding   

  12  0:01  Probe  
  13  0:13  Probe  
  14  0:18  Pylon  
  14  0:25  Probe  
  15  0:36  Gateway  
  15  0:37  Probe (Chrono Boost)  
  16  0:47  Probe (Chrono Boost), Assimilator  
  17  0:52  Probe (Chrono Boost)  
  17  0:55  Assimilator  
  18  1:03  Probe (Chrono Boost)  
  19  1:11  Gateway  
  19  1:13  Probe (Chrono Boost)  
  19  1:18  Probe  
  21  1:25  Cybernetics Core  
  21  1:30  Probe  
  22  1:34  Pylon  
  22  1:42  Probe  
  23  1:59  Warp Gate (Chrono Boost)  
  23  2:01  Stalker x2  
  27  2:13  Robotics Facility  
  27  2:18  Gateway  
  27  2:34  Stalker x2  
  31  2:41  Pylon  
  31  2:50  Pylon  
  31  2:59  Warp Prism (Chrono Boost)  
  33  3:10  Shield Battery  
  33  3:18  Pylon  
  33  3:28  Observer  
  34  3:40  Stalker, Sentry  
  34  3:41  Stalker  
  40  3:55  Immortal (Chrono Boost)  
  44  4:03  Observer  
  44  4:06  Sentry  
  46  4:18  Pylon  
  46  4:19  Adept x2  
  50  4:28  Observer  
  50  4:35  Immortal  
  54  4:54  Adept  
  54  4:55  Adept x2  
  58  5:16  Stalker x2  
  58  5:32  Stalker  
  49  5:46  Stalker x2  
  51  5:53  Probe  
  46  6:09  Zealot x2  
  46  6:10  Zealot  
Tags
 
Add a new tag
Caveats
  • Supply blocks, unpowered buildings, or Contaminate may cause inaccurate times.
  • Supply counts are checked every 10 seconds.